 Dungeon Crawl Stone Soup version 0.31.0-9-g3a7656b989 (webtiles) character file.

Game seed: 7014055251970877656

1032 Gottschkopf the Destroyer (level 8, -3/41 HPs)
             Began as a Deep Elf Conjurer on Jan 29, 2024.
             Was a Follower of Vehumet.
             Slain by Edmund
             ... wielding a +1 flail of protection
              (9 damage)
             ... on level 5 of the Dungeon.
             The game lasted 00:08:43 (4116 turns).

Gottschkopf the Destroyer (Deep Elf Conjurer)       Turns: 4116, Time: 00:08:44

Health: -3/41      AC:  5    Str: 16    XL:     8   Next: 3%
Magic:  0/19       EV: 12    Int: 26    God:    Vehumet [*.....]
Gold:   270        SH:  0    Dex: 13    Spells: 8/19 levels left

rFire   . . .        y - +2 flail (holy)
rCold   . . .        (no shield)
rNeg    . . .        a - +0 robe
rPois   .            r - +0 helmet
rElec   .            H - scarf {shadows}
rCorr   .            k - +1 pair of gloves
SInv    .            (no boots)
Will    .....        (no amulet)
Stlth   ++           p - +6 ring of strength
HPRegen 0.26/turn    s - +6 ring of strength
MPRegen 0.16/turn

%: no passive effects
@: no status effects
A: no striking features
a: Renounce Religion


You were on level 5 of the Dungeon.
You worshipped Vehumet.
Vehumet was aware of your devotion.
You visited 1 branch of the dungeon, and saw 5 of its levels.

You collected 270 gold pieces.

Inventory:

Hand Weapons
 d - a +0 dagger
 y - a +2 flail of holy wrath (weapon)
Armour
 a - a +0 robe (worn)
 k - a +1 pair of gloves (worn)
 r - a +0 helmet (worn)
 C - a +0 cloak
 H - a scarf of shadows (worn)
Magical Staves
 g - a staff of alchemy
 h - a staff of air
 i - a staff of death
Jewellery
 p - a +6 ring of strength (left hand)
 s - a +6 ring of strength (right hand)
 w - a ring of resist corrosion
Wands
 A - a wand of digging (5)
Scrolls
 f - 2 scrolls of teleportation {unknown}
 m - a scroll of revelation {unknown}
 n - 4 scrolls of identify {unknown}
 o - a scroll of butterflies {unknown}
 q - 2 scrolls of immolation {unknown}
 t - a scroll of amnesia {unknown}
 x - a scroll of vulnerability {unknown}
 B - a scroll of fog {unknown}
 D - a scroll of noise {unknown}
 F - a scroll of enchant armour {unknown}
Potions
 b - a potion of magic
 c - 3 potions of heal wounds {unknown}
 e - a potion of attraction {unknown}
 j - a potion of ambrosia {unknown}
 l - a potion of mutation {unknown}
 u - a potion of haste {unknown}
 v - a potion of berserk rage {unknown}
 z - a potion of might {unknown}
 E - a potion of lignification {unknown}
 G - a potion of degeneration {unknown}


   Skills:
 - Level 2.4 Dodging
 - Level 2.4 Stealth
 + Level 6.0 Spellcasting
 * Level 8.5 Conjurations
 - Level 5.4 Alchemy


You had 8 spell levels left.
You knew the following spells:

 Your Spells              Type           Power      Damage    Failure   Level
a - Magic Dart            Conj           100%       1d8       1%          1
b - Searing Ray           Conj           100%       2d8       1%          2
c - Fulminant Prism       Conj/Alch      22%        3d12      3%          4
d - Iskenderun's Mystic   Conj/Tloc      30%        2d8       12%         4

Your spell library contained the following spells:

 Spells                   Type           Power      Damage    Failure   Level
 Shock                    Conj/Air       100%       1d9       1%          1
 Stone Arrow              Conj/Erth      60%        3d10      3%          3
 Sandblast                Erth           14%        2d6       7%          1
 Brom's Barrelling Bould  Conj/Erth      30%        2d5       12%         4
 Confusing Touch          Hex            7%         N/A       21%         3
 Passwall                 Erth           7%         N/A       21%         3
 Sigil of Binding         Hex            7%         N/A       21%         3
 Dimensional Bullseye     Hex/Tloc       3%         N/A       56%         4


Dungeon Overview and Level Annotations

Branches:
Dungeon (5/15)
 Temple: D:4-7

Altars:
Fedhas
Ru
Trog
Uskayaw
Vehumet

Shops:
D:2 !

Annotations:
D:5 Edmund


Message History

You finish channelling your searing ray.
Edmund closely misses you.
Casting: Searing Ray (safe; 1% risk of failure)
Confirm with . or Enter, or press ? or * to list all spells.
The magic dart hits Edmund but does no damage.
Edmund is almost dead.
Edmund says, "People accused me of being a cutpurse!"
Edmund barely misses you.
Casting: Magic Dart (safe; 1% risk of failure)
Confirm with . or Enter, or press ? or * to list all spells.
The magic dart hits Edmund but does no damage.
Edmund is almost dead.
Edmund hits you with a +1 flail of protection!
You hit Edmund but do no damage.
Edmund is almost dead.
Edmund hits you but does no damage.
Edmund hits you with a +1 flail of protection!
* * * LOW HITPOINT WARNING * * *
Edmund attacks as he pursues you! Edmund barely misses you.
You are too injured to fight recklessly!
Casting: Magic Dart (safe; 1% risk of failure)
Confirm with . or Enter, or press ? or * to list all spells.
Aiming: Magic Dart (safe; 1% risk of failure)
Press: ? - help, Shift-Dir - straight line, f/p - Edmund
Aim: Edmund, wielding a +1 flail of protection and wearing a +0 ring mail (almost dead, 100% to hit)
The magic dart hits Edmund.
Edmund is almost dead.
Edmund hits you with a +1 flail of protection.
* * * LOW HITPOINT WARNING * * *
Casting: Magic Dart (safe; 1% risk of failure)
Confirm with . or Enter, or press ? or * to list all spells.
Aiming: Magic Dart (safe; 1% risk of failure)
Press: ? - help, Shift-Dir - straight line, f/p - Edmund
Aim: Edmund, wielding a +1 flail of protection and wearing a +0 ring mail (almost dead, 100% to hit)
The magic dart hits Edmund but does no damage.
Edmund is almost dead.
An iguana comes into view.
Edmund hits you with a +1 flail of protection!
You die...
Edmund whines, "They better pay attention to me now!"

.. #...........#
....##...........#
#..†.......l...#
###............#
##.)..##.....#
#.$...#.....#
#....).#...##
######..##.#
##)##@### #..#.@.#
##..##.# ##.##.#
#)...# #######..##
#.........#
#.......>.#
#.........#


You could see Edmund and an iguana (wandering).

Vanquished Creatures
  Pikel (D:5)
  An ogre (D:4)
  2 scorpions
  5 hounds
  2 orc priests (D:3)
  An iguana (D:4)
  5 adders
  4 gnolls (D:3)
  2 dart slugs
  2 ribbon worms
  6 orcs
  8 ball pythons
  6 endoplasms
  4 giant cockroaches
  6 hobgoblins
  2 jackals (D:2)
  4 kobolds
  4 quokkas
  4 bats
  3 frilled lizards
  7 goblins
  10 rats
89 creatures vanquished.

Notes
Turn   | Place    | Note
-------+----------+-------------------------------------------
     0 | D:1      | Gottschkopf the Deep Elf Conjurer began the quest for the
                  | Orb.
     0 | D:1      | Reached XP level 1. HP: 10/10 MP: 6/6
   174 | D:1      | Reached XP level 2. HP: 15/15 MP: 5/8
   240 | D:1      | Reached skill level 5 in Conjurations
   268 | D:1      | Found a faded altar of an unknown god.
   280 | D:1      | Prayed at the altar of an unknown god.
   280 | D:1      | Became a worshipper of Uskayaw the Reveller
   280 | D:1      | Reached * piety under Uskayaw
   281 | D:1      | Fell from the grace of Uskayaw
   348 | D:1      | Learned a level 2 spell: Searing Ray
   827 | D:2      | Reached XP level 3. HP: 19/19 MP: 5/9
  1020 | D:2      | Found Motuptag's Distillery.
  1074 | D:2      | Paralysed by the fury of Uskayaw for 2 turns
  1491 | D:3      | Reached skill level 6 in Conjurations
  1516 | D:3      | Found a blossoming altar of Fedhas.
  1551 | D:3      | Reached XP level 4. HP: 24/24 MP: 1/11
  1644 | D:3      | Learned a level 4 spell: Fulminant Prism
  1718 | D:3      | Reached skill level 1 in Alchemy
  1730 | D:3      | Reached XP level 5. HP: 8/28 MP: 0/12
  1867 | D:3      | Found a bloodstained altar of Trog.
  2026 | D:3      | Found a radiant altar of Vehumet.
  2034 | D:3      | Became a worshipper of Vehumet
  2059 | D:3      | Paralysed by the fury of Uskayaw for 5 turns
  2805 | D:4      | Reached skill level 7 in Conjurations
  2805 | D:4      | Reached XP level 6. HP: 21/32 MP: 3/14
  3028 | D:4      | Found a sacrificial altar of Ru.
  3178 | D:4      | Got Suigo's Secrets of Guile
  3198 | D:4      | Found a hide-covered altar of Uskayaw.
  3821 | D:5      | Entered Level 5 of the Dungeon
  3895 | D:5      | Reached skill level 5 in Spellcasting
  3895 | D:5      | Reached XP level 7. HP: 35/36 MP: 4/16
  4018 | D:5      | Noticed Edmund
  4028 | D:5      | Reached * piety under Vehumet
  4028 | D:5      | Offered knowledge of Shock by Vehumet.
  4083 | D:5      | Noticed Pikel
  4089 | D:5      | Killed Pikel
  4090 | D:5      | Reached skill level 8 in Conjurations
  4090 | D:5      | Reached skill level 5 in Alchemy
  4090 | D:5      | Reached XP level 8. HP: 41/41 MP: 10/18
  4095 | D:5      | Learned a level 4 spell: Iskenderun's Mystic Blast
  4116 | D:5      | Slain by Edmund

Illustrated notes

Levels and vault maps discovered:
D:1:      minmay_arrival_open_corners, layout_rooms,
          shapermc_ecumenical_altar_totnotflames
D:2:      layout_basic, serial_shops, shop
D:3:      layout_basic, mainiacjoe_overflow_cross_hatched,
          mainiacjoe_overflow_catwalk, nicolae_overflow_crystal_walls,
          minmay_between
D:4:      layout_loops_ring, mainiacjoe_overflow_large_starburst, serial_rivers,
          chequers_serial_rivers_large_a, chequers_serial_rivers_micro_b,
          chequers_serial_rivers_micro_d, chequers_serial_rivers_micro_e
D:5:      gammafunk_cloud_chamber, layout_basic, uniq_duvessa, uniq_edmund,
          uniq_pikel

Skill      XL: |  1  2  3  4  5  6  7  8 |
---------------+-------------------------+-----
Conjurations   | 5 6 7 8 |  8.5
Alchemy        | 1 2 4 5 |  5.4
Spellcasting   | 4 5 6 |  6.0
Dodging        | |  2.4
Stealth        | |  2.4

Action                     |  1- 3 |  4- 6 |  7- 9 || total
---------------------------+-------+-------+-------++-------
  Melee: Unarmed           |     1 |       |       ||     1
         Staff             |     7 |     1 |       ||     8
         Flail             |       |       |     1 ||     1
   Cast: Magic Dart        |    83 |    87 |    13 ||   183
         Searing Ray       |       |     8 |     4 ||    12
 Invoke: Renounce Religion |     1 |       |       ||     1
 Armour: Robe              |    14 |    12 |    10 ||    36
  Dodge: Dodged            |    10 |    17 |     6 ||    33
